 Dungeon Crawl Stone Soup version 0.24-a0-312-g16217b4 (webtiles) character file.

Game seed: 10945810083197524037

7 Mgcat the Ducker (level 1, 0/11 HPs)
             Began as a Spriggan Berserker on May 15, 2019.
             Was a Follower of Trog.
             Slain by a kobold
             ... wielding a +0 short sword
              (7 damage)
             ... on level 1 of the Dungeon.
             The game lasted 00:00:44 (615 turns).

Mgcat the Ducker (Spriggan Berserker)                Turns: 615, Time: 00:00:45

Health: 0/11       AC:  2    Str: 13    XL:     1   Next: 83%
Magic:  2/2        EV: 19    Int:  8    God:    Trog [*.....]
Gold:   21         SH:  0    Dex: 15    Spells: 0/0 levels left

rFire    . . .     SeeInvis +   a - +0 short sword
rCold    . . .     Gourm    .   (shield restricted)
rNeg     . . .     Faith    .   b - +0 animal skin
rPois    .         Spirit   .   (helmet restricted)
rElec    .         Reflect  .   (no cloak)
rCorr    .         Harm     .   (gloves unavailable)
MR       .....                  (boots unavailable)
Stlth    ++........             (no amulet)
HPRegen  0.03/turn              (no ring)
MPRegen  0.08/turn              (no ring)

@: very quick
A: very small, unfitting armour, see invisible, herbivore, speed 3, slow
metabolism 2
a: Berserk, Renounce Religion


You were on level 1 of the Dungeon.
You worshipped Trog.
Trog was aware of your devotion.
You were not hungry.

You visited 1 branch of the dungeon, and saw 1 of its levels.

You collected 21 gold pieces.

Inventory:

Hand Weapons
 a - a +0 short sword (weapon)
Missiles
 d - 4 stones (quivered)
Armour
 b - a +0 animal skin (worn)
Comestibles
 c - a ration


   Skills:
 - Level 2.4 Fighting
 - Level 3.2 Short Blades
 - Level 4.4 Dodging
 + Level 2.5 Stealth


You couldn't memorise any spells.
You didn't know any spells.
Your spell library was empty.

Dungeon Overview and Level Annotations

Branches:
Dungeon (1/15)

Altars:


Innate Abilities, Weirdness & Mutations

You are very small and have problems with some larger weapons.
You are too small for most types of armour.
You have supernaturally acute eyesight. (SInv)
You are a herbivore.
You cover ground extremely quickly.
You need to consume almost no food.


Message History

You are too injured to fight recklessly!
A red film seems to cover your vision as you go berserk!
You feel yourself moving faster!
You feel mighty!
You feel quite a bit more hungry.
You now have 3/16 hp.
You puncture the hobgoblin!
You kill the hobgoblin!
Trog accepts your kill.
Your Stealth skill increases to level 1!
Things that are here:
a +0 club; a hobgoblin corpse You feel a strong urge to attack something.
Unknown command.
You start resting.
You feel your anger nearly subside.
You are no longer berserk.
You are exhausted.
You feel yourself slow down.
You now have 2/11 hp.
You start resting.
You feel yourself speed up.
Unknown command.
You start resting.
You recover from your berserk rage.
You start resting.
HP restored.
You regained 5 hp, and now have 9/11 hp.
You start resting.
HP restored.
Health restored: 11 A bat comes into view.
Found a stone staircase leading down.
You closely miss the bat. The bat misses you. The bat closely misses you.
You hit the bat but do no damage. The bat misses you.
The bat completely misses you.
You hit the bat.
The bat is moderately wounded.
The bat completely misses you.
You barely miss the bat.
The bat is moderately wounded.
The bat closely misses you. The bat barely misses you.
The bat closely misses you.
You hit the bat.
You kill the bat!
Trog accepts your kill.
No target in view!
No target in view!
You now have 21 gold pieces (gained 12).
You open the door.
There is an open door here.
A leopard gecko and a bat come into view.
The leopard gecko moves out of view.
You barely miss the bat. The bat completely misses you. The bat misses you.
You hit the bat but do no damage. The bat misses you.
The bat hits you but does no damage.
You hit the bat.
The bat is moderately wounded.
The bat hits you.
You take 1 damage, and have 10/11 hp.
You closely miss the leopard gecko. The leopard gecko closely misses you.
You hit the leopard gecko but do no damage.
The leopard gecko closely misses you.
You hit the leopard gecko.
The leopard gecko is almost dead.
The leopard gecko barely misses you.
You hit the leopard gecko.
You kill the leopard gecko!
Trog accepts your kill.
Your Stealth skill increases to level 2!
The bat closely misses you. The bat hits you.
You take 1 damage, and have 9/11 hp.
You hit the bat.
You kill the bat!
Trog accepts your kill.
No target in view!
No target in view!
No target in view!
Things that are here:
a bat corpse; a leopard gecko corpse A kobold comes into view.
It is wielding a +0 short sword.
The kobold shouts!
You hear an angry hiss.
You hear a shout!
You hear an angry hiss.
You hear an angry hiss.
You start resting.
You hear an angry hiss.
The kobold is too close now for your liking.
You hear an angry hiss.
You closely miss the kobold.
The kobold hits you with a +0 short sword.
You hear an angry hiss.
You take 3 damage, and have 7/11 hp.
MASSIVE DAMAGE!!
You miss the kobold.
You hear an angry hiss. x2
The kobold hits you but does no damage.
You hit the kobold but do no damage. The kobold completely misses you.
You closely miss the kobold.
The kobold hits you with a +0 short sword!
Ouch! That really hurt!
You die...

##### #####......
### #.......# ..#
#K#####.#
#.######@####
##[..†......#
#..###...##.#
#.#.# #.#.# #
###.###+##..
#..#≈≈≈###.#
#..'≈≈≈+ #
#.###.##≈§≈#
#......##+#######


You could see a kobold.

Vanquished Creatures
  A leopard gecko (D:1)
  2 bats (D:1)
  A hobgoblin (D:1)
  A kobold (D:1)
5 creatures vanquished.

Notes
Turn   | Place    | Note
-------+----------+-------------------------------------------
     0 | D:1      | Mgcat the Spriggan Berserker began the quest for the Orb.
     0 | D:1      | Reached XP level 1. HP: 11/11 MP: 2/2
   291 | D:1      | HP: 2/11 [hobgoblin/+0 club (7)]
   293 | D:1      | Reached skill level 1 in Stealth
   598 | D:1      | Reached skill level 2 in Stealth
   615 | D:1      | Slain by a kobold

Levels and vault maps discovered:
D:1:      mrwooster_arrival_arrow, layout_loops_ring, minmay_liquid_box,
          kennysheep_nondescript, minmay_lizard_king

Skill      XL: |  1 |
---------------+----+-----
Stealth        | 2 |  2.5
Fighting       | |  2.4
Short Blades   | |  3.2
Dodging        | |  4.4

Action                   || total
-------------------------++-------
Melee: Short sword       ||    30
Invok: Berserk           ||     1
Armor: Animal skin       ||     2
Dodge: Dodged            ||    25

Table legend:
 A = Non-vault XP
 B = Vault XP
 C = Vault XP percentage of total XP
 D = Non-vault monster count
 E = Vault monster count
 F = Vault count percentage of total count
                 A         B        C        D         E       F
            +---------+---------+-------+---------+---------+-------
      Total |      10 |       0 |   0.0 |       5 |       0 |   0.0
            +---------+---------+-------+---------+---------+-------
        D:1 |      10 |       0 |   0.0 |       5 |       0 |   0.0
            +---------+---------+-------+---------+---------+-------

Levels and vault maps discovered:
D:1:      mrwooster_arrival_arrow, layout_loops_ring, minmay_liquid_box,
          kennysheep_nondescript, minmay_lizard_king

Table legend:
 A = Turns spent in this place as a percentage of turns spent in the entire game.
 B = Non-inter-level travel turns spent in this place as a percentage of non-inter-level travel turns spent in the entire game.
 C = Inter-level travel turns spent in this place as a percentage of turns spent in this place.
 D = Turns resting spent in this place as a percentage of non-inter-level travel turns spent in this place.
 E = Turns spent auto-exploring this place as a percentage of non-inter-level travel turns spent in this place.
 F = Non-inter-level travel turns spent in this place divided by the number of levels of this place that you've seen.
                   A       B       C       D       E      F
               +-------+-------+-------+-------+-------+----------------------
         Total | 100.0 | 100.0 |   0.0 |  74.0 |  15.0 | 615.0
       Dungeon | 100.0 | 100.0 |   0.0 |  74.0 |  15.0 | 615.0
               +-------+-------+-------+-------+-------+----------------------

Table legend:
 A = Kills in this place as a percentage of kills in entire the game.
 B = Kills by you in this place as a percentage of kills by you in the entire game.
 C = Kills by friends in this place as a percentage of kills by friends in the entire game.
 D = Other kills in this place as a percentage of other kills in the entire game.
 E = Experience gained in this place as a percentage of experience gained in the entire game.
 F = Experience gained in this place divided by the number of levels of this place that you have seen.
                   A       B       C       D       E      F
               +-------+-------+-------+-------+-------+----------------------
         Total | 100.0 | 100.0 |   N/A |   N/A | 100.0 |  10.0
       Dungeon | 100.0 | 100.0 |   N/A |   N/A | 100.0 |  10.0
               +-------+-------+-------+-------+-------+----------------------
